 Dungeon Crawl Stone Soup version 0.22-a0-587-g7d32d7c (webtiles) character file.

1890 sking99 the Insei (level 9, -1/46 HPs)
             Began as a Vine Stalker Transmuter on July 4, 2018.
             Was a Believer of Ru.
             Slain by an orc warrior
             ... wielding a +0 scimitar
              (9 damage)
             ... on level 8 of the Dungeon.
             The game lasted 00:19:08 (7408 turns).

sking99 the Insei (Vine Stalker Transmuter)         Turns: 7408, Time: 00:19:09

Health: -1/46      AC:  7    Str: 13    XL:     9   Next: 15%
Magic:  0/14       EV: 14    Int: 16    God:    Ru [**....]
Gold:   343        SH:  0    Dex: 15    Spells: 7/14 levels left

rFire    x . .     SeeInvis .     - Unarmed
rCold    x . .     Gourm    .   (no shield)
rNeg     . . .     Faith    .   b - +0 robe
rPois    .         Spirit   +   t - +0 helmet
rElec    .         Reflect  .   v - +2 cloak {MR+}
rCorr    +         Harm     .   e - +0 pair of gloves
MR       ++...                  (no boots)
Stlth    +.........             j - amulet of magic regeneration
HPRegen  0.55/turn              i - ring of resist corrosion
MPRegen  0.39/turn              (no ring)

@: drained
A: fangs 3, regeneration 1, magic shield, antimagic bite, no potion heal 3, rot
immunity, temperature sensitive
a: Renounce Religion


You were on level 8 of the Dungeon.
You worshipped Ru.
Ru was pleased with you.
You were not hungry.

You visited 2 branches of the dungeon, and saw 9 of its levels.

You collected 343 gold pieces.

Inventory:

Missiles
 m - 8 arrows (quivered)
Armour
 b - a +0 robe (worn)
 e - a +0 pair of gloves (worn)
 t - a +0 helmet (worn)
 v - a +2 cloak of magic resistance (worn)
Magical Staves
 a - an uncursed staff of energy
Jewellery
 i - a ring of resist corrosion (left hand)
 j - an amulet of magic regeneration (around neck)
Scrolls
 c - 6 scrolls of teleportation
 f - 2 scrolls of identify
 k - a scroll of fog
 o - 2 scrolls of remove curse
 p - a scroll of enchant armour
 q - a scroll of fear
 u - a scroll of amnesia
 x - a scroll of blinking
Potions
 g - 3 potions of degeneration
 h - 2 potions of invisibility
 r - 2 potions of curing
 s - 3 potions of haste
 w - 2 potions of lignification
Comestibles
 d - 10 rations
 l - 2 chunks of flesh


   Skills:
 + Level 4.5(3.9) Fighting
 + Level 4.3(3.7) Dodging
 - Level 7.4(6.7) Unarmed Combat
 - Level 3.0(2.4) Spellcasting
 - Level 6.1(5.5) Transmutations


You had 7 spell levels left.
You knew the following spells:

 Your Spells              Type           Power        Failure   Level  Hunger
a - Beastly Appendage     Tmut           ###...       1%          1    #......
b - Sticks to Snakes      Tmut           ###.....     3%          2    ###....
c - Ice Form              Ice/Tmut       ##......     54%         4    #####..

Your spell library contained the following spells:

 Spells                   Type           Power        Failure   Level  Hunger
 Spider Form              Tmut/Pois      ##........   19%         3    ###....
 Blade Hands              Tmut           ###.......   50%         5    ######.


Dungeon Overview and Level Annotations

Branches:
Dungeon (8/15)             Temple (1/1) D:4
   Lair: D:8-11

Altars:
Ashenzari
Cheibriados
Dithmenos
Elyvilon
Fedhas
Hepliaklqana
Kikubaaqudgha
Makhleb
Nemelex Xobeh
Okawaru
Qazlal
Ru
Sif Muna
Trog
Uskayaw
Vehumet
Wu Jian
Xom
Yredelemnul
Zin
The Shining One

Annotations:
D:6 2 runed doors, Hebeh's ghost, novice MiFi


Innate Abilities, Weirdness & Mutations

You have razor-sharp teeth.
Your natural rate of healing is unusually fast.
When hurt, damage is shared between your health and your magic reserves.
Your bite disrupts and absorbs the magic of your enemies.
Potions cannot restore your health.
You are immune to rotting.
You are sensitive to extremes of temperature. (rF-, rC-)


Message History

The orc struggles to escape constriction.
You hit the orc warrior but do no damage.
The orc warrior is lightly wounded.
The orc warrior misses you.
Your ball python bites the orc.
The orc dies!
You hit the orc warrior but do no damage.
You bite the orc warrior. You drain its power.
You feel invigorated.
The orc warrior is moderately wounded.
The orc completely misses you.
The orc warrior hits you with a scimitar!
* * * LOW HITPOINT WARNING * * *
You closely miss the orc warrior.
The orc warrior is moderately wounded.
The orc barely misses you.
The orc hits your ball python with a hand axe.
Your ball python dies!
You closely miss the orc warrior. Your bite misses the orc warrior.
The orc warrior is moderately wounded.
The orc warrior hits you with a scimitar!
You die...

##+#
##...##
##.....##
##.......##
#...?.....#
+...>.....+
#.....).).#
#....oo.#
##....@##
##...##
##+#


You could see an orc warrior and an orc.

Vanquished Creatures
  A black bear (D:7)
  An ice beast (D:5)
  2 ogres (D:6)
  3 sky beasts
  A centaur (D:5)
  2 bullfrogs (D:7)
  A scorpion (D:5)
  2 crimson imps
  3 orc priests
  Crazy Yiuf (D:4)
  A bullfrog skeleton (D:6)
  2 hounds
  A centaur skeleton (D:6)
  Jessica (D:3)
  An iguana (D:4)
  3 orc wizards
  2 worker ants
  A hound zombie (D:7)
  A hound skeleton (D:6)
  A howler monkey zombie (D:7)
  A worker ant zombie (D:5)
  2 gnolls (D:6)
  8 adders
  3 oozes
  4 dart slugs
  7 leopard geckos
  19 orcs
  4 giant cockroaches (D:1)
  14 hobgoblins
  4 jackals (D:1)
  A kobold (D:1)
  4 quokkas
  2 ball pythons (D:2)
  8 bats
  3 frilled lizards
  19 goblins
  A leopard gecko skeleton (D:5)
  A leopard gecko zombie (D:5)
  7 rats
  2 fungi (D:4)
145 creatures vanquished.

Vanquished Creatures (collateral kills)
  An orc warrior (D:7)
  2 ogres
  A scorpion (D:4)
  A gnoll shaman (D:6)
  A gnoll (D:6)
  A worker ant zombie (D:4)
  An adder (D:5)
  4 orcs
12 creatures vanquished.

Grand Total: 157 creatures vanquished

Notes
Turn   | Place    | Note
-------+----------+-------------------------------------------
     0 | D:1      | sking99 the Vine Stalker Transmuter began the quest for the Orb.
     0 | D:1      | Reached XP level 1. HP: 9/9 MP: 4/4
   303 | D:1      | Reached XP level 2. HP: 7/14 MP: 4/6
   573 | D:1      | Reached skill level 4 in Unarmed Combat
   575 | D:1      | Reached XP level 3. HP: 11/17 MP: 7/7
  1526 | D:2      | Gained mutation: Your natural rate of healing is unusually fast. [Vine Stalker growth]
  1526 | D:2      | Reached XP level 4. HP: 12/21 MP: 5/8
  1760 | D:2      | Reached skill level 5 in Unarmed Combat
  2254 | D:3      | Noticed Jessica
  2264 | D:3      | Killed Jessica
  2341 | D:3      | Reached XP level 5. HP: 25/25 MP: 9/9
  2601 | D:3      | Learned a level 2 spell: Sticks to Snakes
  2606 | D:3      | Learned a level 4 spell: Ice Form
  2980 | D:4      | Reached skill level 6 in Unarmed Combat
  3112 | D:4      | Noticed an ogre
  3128 | D:4      | Reached XP level 6. HP: 28/29 MP: 3/10
  3245 | D:4      | Found a staircase to the Ecumenical Temple.
  3294 | Temple   | Entered the Ecumenical Temple
  3453 | Temple   | Became a worshipper of Ru the Awakened
  4099 | D:4      | Found a runed door.
  4103 | D:4      | Noticed Crazy Yiuf
  4123 | D:4      | Killed Crazy Yiuf
  4123 | D:4      | Reached XP level 7. HP: 20/32 MP: 4/11
  4264 | D:5      | Entered Level 5 of the Dungeon
  4280 | D:5      | Reached skill level 7 in Unarmed Combat
  4984 | D:5      | Gained mutation: You are sensitive to extremes of temperature. (rF-, rC-) [Ru sacrifice]
  4984 | D:5      | Reached * piety under Ru
  4984 | D:5      | Reached ** piety under Ru
  4992 | D:5      | Reached skill level 5 in Transmutations
  5033 | D:5      | Gained mutation: You have razor-sharp teeth. [Vine Stalker growth]
  5033 | D:5      | Reached XP level 8. HP: 9/37 MP: 9/12
  5609 | D:6      | Reached skill level 1 in Fighting
  5817 | D:6      | Found a runed door.
  5817 | D:6      | Noticed Hebeh's ghost (novice MiFi)
  5818 | D:6      | Found a shimmering altar of Xom.
  6156 | D:6      | Found a runed door.
  6805 | D:7      | Reached XP level 9. HP: 14/45 MP: 7/14
  7232 | D:7      | Noticed a two-headed ogre
  7408 | D:8      | Slain by an orc warrior

Vault maps used:
D:1:      nagdon_arrival_double_spiral, minmay_box_of_dots
D:3:      first_ration, corexii_corridor_pit, dk_vineyard_2, uniq_jessica
D:4:      minmay_temple_entry_large_hall, uniq_crazy_yiuf_cottage
D:6:      ebering_ghost_sewer_f, basic_altar, nrook_loot_triangle,
          minmay_ogre_servants
D:7:      patterned_corridor
D:8:      serial_shops, kennysheep_mini, small_chamber_with_monster
Temple:   kilobyte_greek_temple

Skill      XL: |  1  2  3  4  5  6  7  8  9 |
---------------+----------------------------+-----
Unarmed Combat | 4 5 6 7 |  7.4
Transmutations | 3 6 |  6.1
Fighting       | 4 |  4.5
Dodging        | 3 4 |  4.3
Spellcasting   | 3 |  3.0

Action                   |  1- 3 |  4- 6 |  7- 9 || total
-------------------------+-------+-------+-------++-------
Melee: Unarmed           |   123 |   201 |   262 ||   586
       Bite              |    22 |    42 |    74 ||   138
       Punch             |     2 |     4 |    12 ||    18
       Kick              |       |     6 |    10 ||    16
 Cast: Sticks to Snakes  |       |    13 |    20 ||    33
       Beastly Appendage |       |     5 |     3 ||     8
Invok: Sacrifice Resista |       |       |     1 ||     1
  Use: Scroll            |       |       |    18 ||    18
 Stab: Sleeping          |     1 |     1 |     3 ||     5
       Invisible         |       |       |     1 ||     1
  Eat: Chunk             |     2 |     8 |    10 ||    20
       Ration            |       |       |     1 ||     1
Armor: Robe              |    30 |    22 |    60 ||   112
Dodge: Dodged            |    96 |    75 |   135 ||   306

Table legend:
 A = Spawn XP
 B = Non-spawn XP
 C = Spawn XP percentage of total XP
 D = Spawn monster count
 E = Non-spawn monster count
 F = Spawn count percentage of total count
 G = Total turns spent on level
                    A         B        C        D         E        F      G
               +---------+---------+-------+---------+---------+-------+---------
         Total |       0 |    2701 |   0.0 |       0 |     155 |   0.0 |  7408
               +---------+---------+-------+---------+---------+-------+---------
           D:1 |       0 |      69 |   0.0 |       0 |      30 |   0.0 |  1243
           D:2 |       0 |      55 |   0.0 |       0 |      25 |   0.0 |   986
           D:3 |       0 |     146 |   0.0 |       0 |      21 |   0.0 |   726
           D:4 |       0 |     380 |   0.0 |       0 |      18 |   0.0 |  1107
           D:5 |       0 |     656 |   0.0 |       0 |      17 |   0.0 |  1324
           D:6 |       0 |     748 |   0.0 |       0 |      23 |   0.0 |  1036
           D:7 |       0 |     601 |   0.0 |       0 |      18 |   0.0 |   766
           D:8 |       0 |      46 |   0.0 |       0 |       3 |   0.0 |    18
               +---------+---------+-------+---------+---------+-------+---------
